 Dungeon Crawl Stone Soup version 0.30.1-11-g7821555f0a (webtiles) character file.

Game seed: 17837528666713970040

907 Dordric the Slasher (level 7, -4/52 HPs)
             Began as a Mummy Fighter on Nov 9, 2023.
             Slain by a gnoll
             ... wielding a +0 spear
              (8 damage)
             ... on level 5 of the Dungeon.
             The game lasted 00:06:04 (4436 turns).

Dordric the Slasher (Mummy Fighter)                 Turns: 4436, Time: 00:06:05

Health: -4/52      AC:  8    Str: 19    XL:     7   Next: 81%
Magic:  7/7        EV:  9    Int:  7    God:
Gold:   162        SH:  0    Dex: 14    Spells: 6/6 levels left

rFire   x . .        o - +2 great sword (heavy)
rCold   + . .        (shield currently unavailable)
rNeg    + + +        b - +0 scale mail
rPois   ∞            s - +0 helmet
rElec   .            q - +0 cloak
rCorr   +            (no gloves)
SInv    .            (no boots)
Will    .....        (no amulet) Stlth
                     n - ring of resist corrosion
HPRegen 0.28/turn    (no ring)
MPRegen 0.10/turn

%: faith
@: no status effects
A: cold resistance 1, negative energy resistance 3, torment resistance 2, heat
vulnerability 1, in touch with death 1, no potions, faith
a: no special abilities


You were on level 5 of the Dungeon.
You visited 2 branches of the dungeon, and saw 6 of its levels.
You also visited: Sewer.

You collected 162 gold pieces.

Inventory:

Hand Weapons
 a - a +0 long sword
 o - a +2 heavy great sword (weapon)
 t - a +3 short sword of electrocution
Armour
 b - a +0 scale mail (worn)
 c - a +0 buckler
 e - a scarf of resistance
 q - a +0 cloak (worn)
 s - a +0 helmet (worn)
Jewellery
 n - a ring of resist corrosion (left hand)
 r - a ring of protection from cold
 u - a ring of willpower
Wands
 i - a wand of flame (17)
 j - a wand of mindburst (10)
Scrolls
 d - 2 scrolls of poison {unknown}
 f - a scroll of immolation
 g - a scroll of amnesia
 h - 2 scrolls of magic mapping
 k - a scroll of torment
 l - a scroll of fog {unknown}
 m - a scroll of noise
 p - a scroll of vulnerability {unknown}
 v - a scroll of fear {unknown}
 w - a scroll of identify


   Skills:
 - Level 3.0 Fighting
 + Level 7.7 Long Blades
 - Level 2.4 Armour
 - Level 2.4 Shields


You had 6 spell levels left.
You didn't know any spells.
Your spell library was empty.

Dungeon Overview and Level Annotations

Branches:
Dungeon (5/15)             Temple (1/1) D:4           Sewer (visited)

Altars:
Ashenzari
Cheibriados
Dithmenos
Fedhas
Makhleb
Nemelex Xobeh
Qazlal
Sif Muna
Trog
Uskayaw
Xom

Shops:
D:3 ?   D:4 =(*[(

Annotations:
D:4 exclusion: downstairs


Innate Abilities, Weirdness & Mutations

You are immune to poison.
Your flesh is cold resistant. (rC+)
You are immune to negative energy. (rN+++)
You are immune to unholy pain and torment.
You are vulnerable to heat. (rF-)
You are in touch with the powers of death.
You do not drink.
You have a special connection with the divine. (Faith)


Message History

The gnoll hits you from afar with a +0 spear.
The gnoll hits you with a +0 spear.
You are too injured to fight recklessly!
You are too injured to fight recklessly!
You are too injured to fight recklessly!
You are too injured to fight recklessly!
You are too injured to fight recklessly!
You are too injured to fight recklessly!
You are too injured to fight recklessly!
You are too injured to fight recklessly!
You are too injured to fight recklessly!
You are too injured to fight recklessly!
You are too injured to fight recklessly!
You are too injured to fight recklessly!
You are too injured to fight recklessly!
You are too injured to fight recklessly!
You closely miss the gnoll.
The gnoll hits you from afar with a +0 spear.
The gnoll hits you but does no damage. The gnoll hits you with a +0 spear.
* * * LOW HITPOINT WARNING * * *
The gnoll closely misses you.
You hit the gnoll.
The gnoll is lightly wounded.
The gnoll hits you but does no damage. The gnoll barely misses you. x2
The gnoll hits you with a +0 spear.
* * * LOW HITPOINT WARNING * * *
You slice the gnoll!!
You kill the gnoll!
The gnoll barely misses you. x2; The gnoll hits you but does no damage.
You closely miss the gnoll. The gnoll completely misses you.
The gnoll hits you with a +0 club.
* * * LOW HITPOINT WARNING * * *
The gnoll hits you from afar with a +0 spear.
* * * LOW HITPOINT WARNING * * *
The gnoll hits you but does no damage.
You slice the gnoll!!
You kill the gnoll!
The gnoll hits you but does no damage.
The gnoll hits you from afar with a +0 spear!
You die...

............~~~~~~~~~..# #
............(~~~.~~~~...r..
..........#.~~~~~~~~~..####
..........############.. ..
..........# .. ..#
#.........# .# .M...
#.........# >##.. ###.#
#.........##...... #.
#.........@)g#
#.........##..# #..........
.# .#.....#### .. ###.## #.
#. . . .


You could see a gnoll.

Vanquished Creatures
  Menkaure (D:5)
  A water moccasin (Sewer)
  3 black bears
  A phantom (D:4)
  A jelly (D:5)
  Crazy Yiuf (D:3)
  Jessica (D:2)
  2 iguanas
  An orc wizard (D:4)
  Terence (D:3)
  Robin (D:2)
  3 gnolls (D:5)
  3 adders (D:3)
  A worm (D:2)
  2 dart slugs
  9 orcs
  6 ball pythons
  6 bats
  3 endoplasms
  6 giant cockroaches
  12 goblins
  11 hobgoblins
  9 jackals
  4 quokkas
  2 kobolds (D:3)
  5 rats
96 creatures vanquished.

Notes
Turn   | Place    | Note
-------+----------+-------------------------------------------
     0 | D:1      | Dordric the Mummy Fighter began the quest for the Orb.
     0 | D:1      | Reached XP level 1. HP: 18/18 MP: 1/1
   179 | D:1      | Reached skill level 2 in Long Blades
   230 | D:1      | Reached XP level 2. HP: 24/24 MP: 2/2
   362 | D:1      | Found a faded altar of an unknown god.
   741 | D:2      | Noticed Jessica
   757 | D:2      | Killed Jessica
   758 | D:2      | Reached skill level 3 in Long Blades
   758 | D:2      | Gained mutation: You are in touch with the powers of death.
                  | [Mummy growth]
   758 | D:2      | Reached XP level 3. HP: 5/29 MP: 3/3
  1396 | D:2      | Noticed Robin
  1655 | D:3      | Reached XP level 4. HP: 31/35 MP: 4/4
  1696 | D:2      | Killed Robin
  1834 | D:3      | Found Gefuph's Magic Scroll Shoppe.
  1915 | D:3      | Reached skill level 4 in Long Blades
  2011 | D:3      | Noticed Terence
  2020 | D:3      | Killed Terence
  2204 | D:3      | Reached XP level 5. HP: 40/41 MP: 5/5
  2523 | D:3      | Found a runed translucent door.
  2524 | D:3      | Noticed Crazy Yiuf
  2667 | D:3      | Killed Crazy Yiuf
  2769 | D:4      | Found Luomnos's General Store.
  2770 | D:4      | Noticed a black bear
  2785 | D:4      | Killed a black bear
  2786 | D:4      | Reached skill level 5 in Long Blades
  2786 | D:4      | Reached XP level 6. HP: 15/47 MP: 6/6
  2910 | D:4      | Found Peacia's Weapon Emporium.
  3178 | D:4      | Found Lezikheym's Armour Shoppe.
  3210 | D:4      | Reached skill level 6 in Long Blades
  3293 | D:4      | Identified a scroll of acquirement
  3294 | D:4      | Acquired a +2 heavy great sword
  3413 | D:4      | Found a staircase to the Ecumenical Temple.
  3442 | D:4      | Found Kewnez's Jewellery Shop.
  3467 | Temple   | Entered the Ecumenical Temple
  3785 | D:4      | Found a sparkling altar of Nemelex Xobeh.
  3874 | D:4      | Found Ihuzyit's Antique Weapon Shop.
  4120 | D:4      | Reached XP level 7. HP: 52/52 MP: 7/7
  4164 | D:5      | Entered Level 5 of the Dungeon
  4166 | D:5      | Noticed Menkaure
  4243 | D:5      | Found a glowing drain.
  4257 | D:5      | Killed Menkaure
  4258 | D:5      | Reached skill level 7 in Long Blades
  4265 | Sewer    | Entered a sewer
  4436 | D:5      | Slain by a gnoll

Illustrated notes

Levels and vault maps discovered:
D:1:      co_arrival_square_in_a_square_in_a_square, layout_basic,
          hellmonk_ecumenical_altar_heavens_door,
          chequers_serial_rivers_small_3, hex_large, minmay_pentomino_v4
D:2:      layout_basic, uniq_robin, uniq_jessica
D:3:      layout_loops_cross, serial_shops, shop_fountains,
          uniq_crazy_yiuf_cottage, uniq_terence
D:4:      layout_basic, mainiacjoe_overflow_alcove_2,
          minmay_temple_entry_stoned_glass, serial_shops,
          nicolae_shop_bloodbath_and_beyond, shop,
          nicolae_shop_just_a_little_nook, kennysheep_little_box,
          nicolae_shop_tiny_glass
D:5:      layout_rooms, nicolae_vehumet_altar_sigil, dk_yredelemnul_ordeal,
          gup_ossuary_entry_pyramid, portal_sewer_entry_f, uniq_menkaure
Temple:   hellmonk_temple_flake

Skill      XL: |  1  2  3  4  5  6  7 |
---------------+----------------------+-----
Long Blades    | 2 3 4 5 6 7 |  7.7
Fighting       | |  3.0
Armour         | |  2.4
Shields        | |  2.4

Action                     |  1- 3 |  4- 6 |  7- 9 || total
---------------------------+-------+-------+-------++-------
  Melee: Long sword        |   113 |   195 |       ||   308
         Great sword       |       |    20 |    35 ||    55
    Use: Scroll            |     4 |     3 |       ||     7
 Armour: Scale mail        |    51 |   142 |    29 ||   222
  Dodge: Dodged            |    55 |   147 |    29 ||   231
  Block: Buckler           |    27 |    47 |       ||    74
